[Event "Early-Titled-Tuesday-Blitz-October-24-2023"]
[Site "Chess.com"]
[Date "2023.10.24"]
[Round "2"]
[White "Maect19"]
[Black "Malev212"]
[Result "1-0"]
[WhiteElo "2282"]
[BlackElo "2636"]
[TimeControl "180+1"]
[EndTime "8:17:47 PDT"]
[Termination "Maect19 won by resignation"]

1. d4 Nf6 2. Nf3 g6 3. c3 Bg7 4. Bf4 d6 5. Nbd2 O-O 6. e4 c5 7. Bc4 Nc6 8. O-O Bg4 9. e5 dxe5 10. dxe5 Nd5 11. Bxd5 Qxd5 12. h3 Bf5 13. Re1 Rfd8 14. Qb3 Qxb3 15. Nxb3 b6 16. Rad1 a5 17. g4 Be6 18. Rxd8+ Rxd8 19. Ng5 Bc4 20. e6 f6 21. Nf3 Rd3 22. Re3 Rxe3 23. fxe3 Bxe6 24. Bc7 a4 25.
Nbd2 b5 26. Bb6 Bxa2 27. Bxc5 e5 28. Ne4 Bd5 29. Nfd2 Nb8 30. Nd6 Nd7 31. Bb4 Bc6 32. Kf2 Bf8 33. N2e4 Bxe4 34. Nxe4 Bxb4 35. cxb4 Kg7 36.
Nc3 Nb6 37. Nxb5 Nd5 38. Nc3 Nxb4 39. Ke2 f5 40. Nxa4 Kf6 41. gxf5 gxf5 42. Nc3 Kg5 43.
Kf3 e4+ 44. Kg3 Nd3 45. b3 h5 46. Nd5 h4+ 47. Kg2 Ne5 48. b4 Nc4 49. Kf2 Kg6 50. Nf4+ Kf6 51. Ng2 Ke5 52. Nxh4 f4 53. exf4+ Kxf4 54.
Ng2+ Kf5 55. h4 Kg4 56. Ne3+ Nxe3 57. Kxe3 Kxh4 58. b5 Kg5 59. b6 Kf5 60. b7 1-0

[Event "Early-Titled-Tuesday-Blitz-October-24-2023"]
[Site "Chess.com"]
[Date "2023.10.24"]
[Round "2"]
[White "Sofia_Blokhin"]
[Black "Mr_Lion22"]
[Result "0-1"]
[WhiteElo "2240"]
[BlackElo "2494"]
[TimeControl "180+1"]
[EndTime "8:17:47 PDT"]
[Termination "Mr_Lion22 won on time"]

1. d4 d5 2. c4 e6 3. Nc3 c6 4. e4 dxe4 5. Nxe4 Bb4+ 6. Nc3 e5 7. d5 Ne7 8. Qa4 Bxc3+ 9. bxc3 O-O 10. Ba3 cxd5 11. cxd5 Re8 12. c4 b6 13. Bd3 Nd7 14.
Ne2 Nc5 15. Bxc5 bxc5 16. O-O Bf5 17. Bc2 Rb8 18. Rab1 Bxc2 19. Qxc2 g6 20. Nc3 Nf5 21. Ne4 Qe7 22. Qd2 Nd6 23. Nxd6 Qxd6 24. Qa5 a6 25.
Rfe1 Kg7 26. Qc3 f6 27. g3 Rb6 28. Rxb6 Qxb6 29. Qb3 Qxb3 30. axb3 Rb8 31. Ra1 Rxb3 32. Rxa6 Rb4 33. Ra7+ Kh6 34. d6 Rxc4 35. d7 Rd4 36. Rc7 c4 37. Rxc4 Rxd7 38. Rc6 Kg5 39. Kg2 h5 40. Kf3 Kf5 41. h4 Rd3+ 42. Ke2 Ra3 43.
Rb6 Ra2+ 44. Ke3 e4 45. Rb5+ Kg4 46. Kxe4 Rxf2 47. Rb3 f5+ 48. Ke5 Rf3 49. Rb4+ Kxg3 50. Kf6 Rf4 51. Rb3+ Kxh4 52. Kxg6 Kg4 53. Rb5 h4 54.
Rb1 h3 55. Rg1+ Kh4 56. Kf6 h2 57. Rh1 Kg3 58. Ke5 Rf2 0-1

[Event "Early-Titled-Tuesday-Blitz-October-24-2023"]
[Site "Chess.com"]
[Date "2023.10.24"]
[Round "2"]
[White "kingapolak"]
[Black "topin8"]
[Result "0-1"]
[WhiteElo "2131"]
[BlackElo "2440"]
[TimeControl "180+1"]
[EndTime "8:17:47 PDT"]
[Termination "topin8 won on time"]

1. e4 e5 2. Nf3 Nc6 3. Bc4 Nf6 4. d3 Be7 5. O-O O-O 6. c3 d6 7. h3 Kh8 8. a4 Ng8 9. Nbd2 f5 10. exf5 Bxf5 11.
Re1 Qe8 12. Nf1 Qg6 13. Ng3 Bd7 14. b4 a6 15. Be3 Nh6 16. b5 axb5 17. axb5 Rxa1 18.
Qxa1 Nd8 19. Bxh6 Qxh6 20. Qd1 Bf6 21. Ne4 Ne6 22. Bxe6 Bxe6 23. Nxf6 Qxf6 24. Qe2 Bxh3 25. d4 Bg4 26. dxe5 Qg6 27. Kf1 Qh5 28. Kg1 Rxf3 29. exd6 Rf8 30. Qe7 Rg8 31. dxc7 Qxb5 32. Qd8 Bc8 33. Rd1 Qc6 34. Qxg8+ Kxg8 35. Rd8+ Kf7 36.
Rxc8 Qd7 37. Rd8 Qxc7 38. Rd3 Qc4 39. Rf3+ Ke6 40. Kh2 b5 41. Kg1 Qb3 42. Kh2 Qd5 43. Kg1 g5 44. Kh2 g4 45. Re3+ Kd6 46. Kg1 h5 47.
Kh2 h4 48. Kg1 Kc5 49. Kh2 Kc4 50. Kg1 Kb3 51. Kh2 Kc2 52. Kg1 Qd1+ 53. Kh2 Qd6+ 54. Kg1 Kd2 55. Kh1 g3 0-1

[Event "Early-Titled-Tuesday-Blitz-October-24-2023"]
[Site "Chess.com"]
[Date "2023.10.24"]
[Round "2"]
[White "amanjazu"]
[Black "ChessSkool"]
[Result "1-0"]
[WhiteElo "2394"]
[BlackElo "2665"]
[TimeControl "180+1"]
[EndTime "8:17:48 PDT"]
[Termination "amanjazu won by checkmate"]

1. g3 Nf6 2. Bg2 g6 3. f4 Bg7 4. Nf3 O-O 5. O-O d6 6. d3 Nbd7 7.
Nc3 e5 8. e4 Nh5 9. f5 Nc5 10.
Ne1 Nf6 11. g4 gxf5 12. g5 f4 13. gxf6 Qxf6 14. Nd5 Qd8 15. d4 Ne6 16. dxe5 dxe5 17. Nf3 Nc5 18. Nc3 f5 19. Qxd8 Rxd8 20. Nh4 fxe4 21.
Nxe4 Nxe4 22. Bxe4 c6 23. Re1 Be6 24. Nf3 Kh8 25.
b3 Re8 26. Bb2 Bg4 27. Kf2 Bf6 28. Rad1 Kg7 29. Rg1 h5 30. h3 Bd8 31. hxg4 Bb6+ 32. Ke2 Bxg1 33. Rxg1 hxg4 34. Rxg4+ Kf6 35. Bxe5+ Rxe5 36. Rg6+ Ke7 37. Nxe5 Rh8 38. Kf3 Rh2 39. Kxf4 a5 40.
Rg7+ Kd6 41. Rxb7 Rf2+ 42. Ke3 Rf1 43. Nc4+ Kc5 44. Nxa5 Re1+ 45. Kd3 Rd1+ 46. Kc3 Kd6 47. Nxc6 Ra1 48. Nb4 Kc5 49. Nd3+ Kd6 50. Rb6+ Kc7 51. Ra6 Rd1 52. b4 Rf1 53. b5 Rb1 54. Nb4 Re1 55. b6+ Kd7 56. Bc6+ Kd6 57. b7 Kc7 58. Nd5+ Kd6 59.
b8=Q+ Kc5 60. Qb4# 1-0

[Event "Early-Titled-Tuesday-Blitz-October-24-2023"]
[Site "Chess.com"]
[Date "2023.10.24"]
[Round "2"]
[White "Ducke13"]
[Black "Malikova777"]
[Result "1-0"]
[WhiteElo "2469"]
[BlackElo "2206"]
[TimeControl "180+1"]
[EndTime "8:17:49 PDT"]
[Termination "Ducke13 won by resignation"]

1. d4 Nf6 2. g3 e6 3. c4 d5 4. Nf3 dxc4 5. Bg2 Bb4+ 6. Nbd2 a5 7.
O-O b5 8. a4 c6 9. Ne5 Ra6 10. b3 Qxd4 11. Nxc6 Nxc6 12. axb5 Qxa1 13. bxa6 Na7 14. Nxc4 O-O 15. Be3 Qxd1 16. Rxd1 Bxa6 17. Bxa7 h6 18. Ra1 Bxc4 19. bxc4 Rc8 20. Bb6 Rxc4 21. Bxa5 Bxa5 22. Rxa5 Rc1+ 23. Bf1 Nd5 24. Kg2 Kh7 25. e3 Rd1 26. Ra3 Rd2 27. Bd3+ g6 28. Be4 Kg7 29.
h4 Nf6 30. Bf3 h5 31. Kf1 Rb2 32. Bc6 Rc2 33. Bf3 Rb2 34. Ra7 Rb1+ 35. Kg2 Rb2 36. Rb7 Rxb7 37. Bxb7 Ng4 38. Kf3 Ne5+ 39. Ke4 Ng4 40. f3 Nf2+ 41. Kd4 Nh1 42. g4 hxg4 43. fxg4 Nf2 44. Bf3 f5 45. g5 Kf7 46. Kc3 e5 47.
Kd2 e4 48. Be2 Nh3 49. Ke1 Ng1 50. Bd1 Ke6 51. Kf2 Nf3 52. Bxf3 exf3 53. Kxf3 Ke5 54.
Kf2 Ke6 55. Ke2 Ke5 56. Kf3 Ke6 57. Kf4 Kd5 58. h5 gxh5 59. Kxf5 h4 60. e4+ Kd4 61.
Kg4 Ke5 62. Kxh4 Ke6 63. Kh5 Kf7 64. Kh6 Kg8 65. Kg6 Kf8 66. Kh7 Kf7 67. g6+ Ke6 68.
g7 Ke7 1-0

[Event "Early-Titled-Tuesday-Blitz-October-24-2023"]
[Site "Chess.com"]
[Date "2023.10.24"]
[Round "2"]
[White "GlavkonVVS"]
[Black "GAusal"]
[Result "1-0"]
[WhiteElo "2513"]
[BlackElo "2273"]
[TimeControl "180+1"]
[EndTime "8:17:50 PDT"]
[Termination "GlavkonVVS won on time"]

1. Nf3 d5 2. c4 c6 3. d4 dxc4 4.
a4 Nf6 5. Nc3 a6 6. e3 Bf5 7.
Bxc4 e6 8. O-O Bd6 9. Ne2 O-O 10. b3 Qc7 11. Bb2 Nbd7 12. Ng3 Bg6 13. Nh4 Rfe8 14. Nxg6 hxg6 15. Rc1 Nb6 16. Bd3 e5 17. Qc2 e4 18. Nxe4 Nxe4 19. Bxe4 Bxh2+ 20. Kh1 Qe7 21. Kxh2 Qxe4 22. Qxe4 Rxe4 23. Rfe1 Rae8 24. Kg1 g5 25. Kf1 f5 26. Rc5 Nd5 27. Bc1 g4 28. g3 g6 29. Rd1 R4e7 30. Bd2 Rh7 31. Ke2 Rh2 32. Rf1 Nf6 33. Re5 Rxe5 34. dxe5 Ne4 35. Kd3 Nxf2+ 36.
Kd4 Kf7 37. Ba5 Ne4 38. Rb1 Ke6 39. Bc7 c5+ 40. Kc4 Re2 41. b4 cxb4 42. Rxb4 Rxe3 43. Rxb7 Rxg3 44. Rb6+ Kd7 45. Bb8 Rc3+ 46. Kd4 Ra3 47. e6+ Ke7 48. Ke5 Rxa4 49. Rb7+ Ke8 50. Bd6 Nxd6 51.
Kxd6 Rd4+ 52. Ke5 Rd8 53. Kf6 1-0

[Event "Early-Titled-Tuesday-Blitz-October-24-2023"]
[Site "Chess.com"]
[Date "2023.10.24"]
[Round "2"]
[White "jk13"]
[Black "abc_xyz4744"]
[Result "1-0"]
[WhiteElo "2690"]
[BlackElo "2375"]
[TimeControl "180+1"]
[EndTime "8:17:54 PDT"]
[Termination "jk13 won on time"]

1. e4 c5 2. c3 d5 3. exd5 Qxd5 4. d4 cxd4 5. Nf3 Nc6 6. cxd4 e5 7. Nc3 Bb4 8. Bd2 Bxc3 9. Bxc3 e4 10. Ne5 Nxe5 11. dxe5 Ne7 12. Qe2 O-O 13. Rd1 Qc6 14. Rd6 Qa4 15. Qc4 Bd7 16. Qxa4 Bxa4 17. Be2 Rfe8 18. e6 f6 19. Bc4 Rac8 20. Rd4 Nf5 21. Rd5 Rxc4 22. Rxf5 Rxe6 23. Kd2 Rd6+ 24. Kc1 Rc8 25. Ra5 Bc6 26. Rxa7 e3 27. fxe3 Bxg2 28. Rg1 Be4 29. Rg4 Rc4 30. a3 Rd7 31. Ra5 Kf7 32. Rb5 g6 33. Rb6 f5 34. Rg2 Rc5 35. Rd2 Rxd2 36.
Kxd2 Rd5+ 37. Ke2 Rd3 38. Bd4 f4 39. Rb4 f3+ 40. Ke1 Ke6 41. a4 Kf5 42. h3 Kg5 43. Bc3 Bc6 44. Kf2 Rd6 45. e4 Re6 46. Kxf3 h5 47. Ke3 Re7 48. Kf3 Kh4 49. Kf4 Kxh3 50. Bf6 Rf7 51. e5 Bd7 52. Kg5 Bf5 53. b3 Kg3 54.
Rd4 Rh7 55. Rh4 Rc7 56. Rc4 Rc5 57. Rxc5 1-0

[Event "Early-Titled-Tuesday-Blitz-October-24-2023"]
[Site "Chess.com"]
[Date "2023.10.24"]
[Round "2"]
[White "bardiya_Daneshvar"]
[Black "Carow-Kann"]
[Result "1-0"]
[WhiteElo "2976"]
[BlackElo "2584"]
[TimeControl "180+1"]
[EndTime "8:17:55 PDT"]
[Termination "bardiya_Daneshvar won by checkmate"]

1. b3 c5 2. Bb2 d5 3. e3 Nf6 4. Nf3 e6 5. c4 dxc4 6. bxc4 Be7 7. d4 O-O 8. Bd3 b6 9. O-O Bb7 10. Nbd2 Nbd7 11. Rc1 Rc8 12. Qe2 Qc7 13. Nb3 Rfd8 14. h3 cxd4 15. exd4 Qf4 16. Qe3 Bd6 17. Qxf4 Bxf4 18.
Rc2 Bxf3 19. gxf3 Nc5 20. Be2 Na4 21. Ba1 Nd7 22. Rd1 e5 23. d5 Nac5 24. Bf1 Na6 25. h4 f5 26. Bc3 Rf8 27. a4 Rf6 28. a5 Rg6+ 29. Kh1 Rh6 30. axb6 Rxh4+ 31. Kg1 axb6 32. Ra2 Nac5 33. Nxc5 Nxc5 34. Rda1 Rh6 35. Ra8 Rxa8 36. Rxa8+ Kf7 37. Ra7+ Kg8 38. Ra8+ Kf7 39. Rh8 Rg6+ 40. Bg2 Nd3 41. Rxh7 e4 42. fxe4 fxe4 43. Kf1 e3 44. fxe3 Bxe3 45. Be4 Rg3 46. Bxd3 Bc5 47. Ke2 Rg2+ 48.
Kd1 Rg3 49. Kc2 Rg2+ 50. Kd1 Rg3 51. Ke2 Rg2+ 52. Kf3 Rf2+ 53. Kg3 Ra2 54. Rxg7+ Kf8 55. Bg6 Ra3 56. Rf7+ Kg8 57. Rf3 Bd6+ 58. Kg4 Ra4 59.
Bf7+ Kh7 60. Rh3# 1-0

[Event "Early-Titled-Tuesday-Blitz-October-24-2023"]
[Site "Chess.com"]
[Date "2023.10.24"]
[Round "2"]
[White "RCone"]
[Black "Nbk90"]
[Result "0-1"]
[WhiteElo "2429"]
[BlackElo "2184"]
[TimeControl "180+1"]
[EndTime "8:17:56 PDT"]
[Termination "Nbk90 won on time"]

1. e4 e5 2. Bc4 Nf6 3. Nc3 Nc6 4. d3 Na5 5. Qf3 Nxc4 6. dxc4 d6 7. Nge2 Be7 8. O-O O-O 9. Ng3 Bg4 10. Qd3 Nd7 11.
f3 Be6 12. b3 Bh4 13. Nf5 Bg5 14. Ba3 g6 15. Ne3 f5 16. Ned5 Rf7 17. Rad1 c6 18.
Ne3 Qb6 19. Rfe1 f4 20. Na4 Qd4 21. Qxd4 exd4 22. Nf1 c5 23. Nb2 Ne5 24. Nd3 b6 25. Bc1 a5 26. a4 Raf8 27. h3 Be7 28. Nh2 h5 29. Rf1 g5 30. Rf2 Kg7 31. Rdf1 Kg6 32. Kh1 Rh8 33. Kg1 Bf6 34. Bd2 Bg7 35. Kh1 Rb8 36. Kg1 Rfb7 37. Ra1 Kf7 38. Rff1 Bf6 39. Rfe1 Rg8 40. Rf1 Ke7 41. Kh1 Kd7 42. Kg1 Kc6 43.
Kh1 Rh7 44. Kg1 Be7 45. Kf2 g4 46. fxg4 hxg4 47. Nxg4 Bxg4 48. hxg4 Nxg4+ 49. Ke2 Ne3 50. Rf2 Rxg2 51. Nxf4 Rxf2+ 52. Kxf2 Rh2+ 53. Kf3 Rxd2 54. Rh1 Rxc2 55. Rh7 Bg5 56. Ne6 d5 57. cxd5+ Kd6 58. Nxg5 Nxd5 59. exd5 Rc3+ 60. Kf4 Rxb3 0-1

[Event "Early-Titled-Tuesday-Blitz-October-24-2023"]
[Site "Chess.com"]
[Date "2023.10.24"]
[Round "2"]
[White "igorkovalenko"]
[Black "SharapovEvgeny"]
[Result "0-1"]
[WhiteElo "2957"]
[BlackElo "2617"]
[TimeControl "180+1"]
[EndTime "8:18:04 PDT"]
[Termination "SharapovEvgeny won by resignation"]

1. c4 c5 2. Nf3 Nc6 3. Nc3 e5 4. g3 g6 5. Bg2 Bg7 6. d3 d6 7. O-O Nge7 8. a3 a5 9. Bd2 O-O 10. Rc1 Rb8 11. Rb1 h6 12. Qc1 Kh7 13. Ne1 Be6 14. b3 b6 15. Nd5 Nd4 16. Qd1 Nxd5 17. cxd5 Bg4 18. f3 Bd7 19. e3 Nf5 20. b4 axb4 21. axb4 h5 22. Rf2 Bh6 23. Re2 h4 24. g4 Ne7 25. h3 Nxd5 26. bxc5 bxc5 27. f4 Rxb1 28. Qxb1 Ne7 29. fxe5 dxe5 30. Nf3 Nc6 31. Qc2 Qe7 32. Be1 f5 33. gxf5 gxf5 34. Bxh4 Qd6 35.
Bg5 Rg8 36. h4 Bg7 37. Rf2 Nb4 38. Qc4 Nxd3 39. Rd2 e4 40. Qf7 Qe6 41. Qh5+ Bh6 42.
Ne1 c4 43. Ra2 Qg6 44. Qxh6+ Qxh6 45. Bxh6 Kxh6 46. Nc2 Kh5 47. Ra7 Rd8 48. Kh2 Kxh4 49. Nd4 c3 50. Rc7 Ne5 51. Rxc3 Ng4+ 52. Kg1 Bc8 53.
Bf1 Nxe3 54. Ne2 Rg8+ 55. Kh1 Nxf1 56. Nf4 Ng3+ 57. Kh2 Kg4 58. Rxg3+ Kxf4 59. Rxg8 Be6 60. Re8 Bc4 61. Rc8 Bd3 62. Kg2 Ke3 63. Rf8 f4 64.
Rf6 f3+ 65. Kg3 Be2 66. Rf4 Kd3 67. Rf8 e3 68. Rf6 Kd2 69. Re6 f2 70. Rd6+ Ke1 71.
Ra6 f1=Q 72. Ra1+ Bd1 73. Rxd1+ Kxd1 0-1

[Event "Early-Titled-Tuesday-Blitz-October-24-2023"]
[Site "Chess.com"]
[Date "2023.10.24"]
[Round "2"]
[White "Pumpkin_in_moonlight"]
[Black "mr_gustavo"]
[Result "1-0"]
[WhiteElo "2376"]
[BlackElo "2657"]
[TimeControl "180+1"]
[EndTime "8:18:07 PDT"]
[Termination "Pumpkin_in_moonlight won on time"]

1. e4 c6 2. c4 g6 3. d4 Bg7 4. Nc3 d6 5. Be3 Nf6 6. f3 O-O 7. Bd3 e5 8. Nge2 Nbd7 9. O-O exd4 10. Nxd4 d5 11. cxd5 cxd5 12. exd5 Nb6 13. Be4 Nfxd5 14.
Nxd5 Nxd5 15. Bf2 Nf6 16. Bc2 Re8 17. Nb5 Be6 18. Qxd8 Raxd8 19. Nc7 Re7 20. Nxe6 Rxe6 21. Rad1 Red6 22. Bxa7 Nd5 23. Bd4 Nb4 24. Bxg7 Kxg7 25. Bb3 Rd2 26. h4 h5 27. Rfe1 Nc6 28. Kf1 Rxb2 29.
Rxd8 Nxd8 30. Re7 Rd2 31. g3 Kf6 32. Rc7 b5 33. Ke1 Rd4 34. Ke2 b4 35. Ke3 Rd6 36.
Rc4 Nc6 37. Rf4+ Ke5 38. Rxf7 Rd8 39. f4+ Kd6 40. Rf6+ Kc5 41. Rxg6 Nd4 42. Rg5+ Kb6 43. Rxh5 Nb5 44. Rh6+ Kc5 45. h5 Nc3 46. Rg6 Re8+ 47. Kf3 Re1 48. h6 Rh1 49. Rg5+ Kd4 50. Rg6 Rf1+ 51.
Kg4 Re1 52. h7 Rh1 53. Bg8 Ne4 54. Kf5 Rh2 55. Rg4 Nd6+ 56. Ke6 Ne8 57. Ke7 Nc7 58. Kf8 Kc5 59. Kg7 Kd6 60. h8=Q Rxh8 61. Kxh8 Nb5 62.
f5 1-0

[Event "Early-Titled-Tuesday-Blitz-October-24-2023"]
[Site "Chess.com"]
[Date "2023.10.24"]
[Round "2"]
[White "kidagent"]
[Black "Payyappat"]
[Result "1-0"]
[WhiteElo "2285"]
[BlackElo "2494"]
[TimeControl "180+1"]
[EndTime "8:18:07 PDT"]
[Termination "kidagent won on time"]

1. c4 c5 2. Nf3 Nf6 3. Nc3 Nc6 4. g3 g6 5. Bg2 Bg7 6. O-O O-O 7.
e4 d6 8. Re1 Bg4 9. h3 Be6 10. d3 Nd7 11. Bd2 Nde5 12. Nxe5 Nxe5 13. Qe2 Qc8 14. Kh2 Kh8 15. f4 Nc6 16. g4 Nd4 17.
Qd1 f5 18. exf5 gxf5 19. g5 Re8 20. Nd5 Qd7 21. Bc3 Bf7 22. Qd2 e6 23. Ne3 e5 24.
Bxd4 cxd4 25. Nd5 b5 26. cxb5 Rac8 27. b6 Bxd5 28. Bxd5 axb6 29. Rac1 Rc5 30. Bg2 Qc7 31. b4 Rc3 32. a4 Rc8 33. Rxc3 Qxc3 34. Qxc3 Rxc3 35.
a5 bxa5 36. bxa5 Ra3 37. Rb1 h6 38. g6 Bf8 39. Rb8 Kg7 40. Ra8 Be7 41. a6 e4 42. dxe4 fxe4 43. Bxe4 d3 44. a7 d2 45. Bc2 Ra2 46. Rc8 Rxc2 47. Rxc2 d1=Q 48. Ra2 Qf3 49. a8=Q Qxf4+ 50. Kg2 Qg5+ 51. Kh1 Qc1+ 52. Kg2 Kxg6 53. Qe4+ Kf7 54. Re2 Qg5+ 55. Kf1 d5 56. Rf2+ Ke8 57. Qa4+ Kd8 58. Qa8+ Kd7 59. Qb7+ Ke6 60. Qb6+ Kd7 61.
Qb7+ Ke6 62. Qc6+ 1-0

[Event "Early-Titled-Tuesday-Blitz-October-24-2023"]
[Site "Chess.com"]
[Date "2023.10.24"]
[Round "2"]
[White "rezamahdavi2008"]
[Black "JiaHaoxiang"]
[Result "1/2-1/2"]
[WhiteElo "2880"]
[BlackElo "2587"]
[TimeControl "180+1"]
[EndTime "8:18:08 PDT"]
[Termination "Game drawn - insufficient material"]

1. Nf3 Nf6 2. c4 c6 3. g3 d5 4. Bg2 Bf5 5. Qb3 Qb6 6. d3 Nbd7 7. Qxb6 axb6 8. Nd4 Bg6 9. cxd5 Nxd5 10. Bxd5 cxd5 11. Nb5 Rc8 12. N1c3 e6 13. Be3 Bb4 14. a3 Bxc3+ 15.
bxc3 Ke7 16. Kd2 Ra8 17. Rhb1 Rhc8 18. Rb3 f6 19. Nd4 e5 20. Nc2 Bf7 21. Bxb6 d4 22. c4 Rc6 23. Rab1 Ra6 24. Nb4 Rcxb6 25. Nxa6 Rxa6 26.
Rxb7 Rxa3 27. R1b3 Ra2+ 28. Rb2 Ra6 29. Rc7 Kd6 30. Rbb7 Be6 31. Ra7 Rb6 32. Rxd7+ Bxd7 33. c5+ Kxc5 34. Rxd7 Rb2+ 35. Kd1 Rb1+ 36. Kc2 Rf1 37.
f3 Rf2 38. Kd2 Rxh2 39. Rxg7 Kd6 40. g4 Ke6 41. Ke1 h5 42. Rh7 h4 43. Kf1 h3 44.
Ke1 Rh1+ 45. Kf2 h2 46. Rh8 Kf7 47. Rh7+ Kg6 48. Rh5 Kg7 49. Rh3 Kf7 50. Rh4 Ke6 51. Rh6 Ke7 52. Rh7+ Kd6 53. Rh8 Kc5 54. Rh6 Kb4 55.
Kg3 Re1 56. Rxh2 Kc3 57. f4 Rg1+ 58. Rg2 exf4+ 59. Kf3 Rxg2 60. Kxg2 Kd2 61. Kf3 Ke1 62.
Kxf4 Kxe2 63. Ke4 Kf2 64. Kxd4 Kg3 65. Ke3 Kxg4 66. d4 Kf5 67. Kf3 Ke6 68. Ke4 f5+ 69. Kf4 Kd5 70. Kxf5 Kxd4 1/2-1/2

[Event "Early-Titled-Tuesday-Blitz-October-24-2023"]
[Site "Chess.com"]
[Date "2023.10.24"]
[Round "2"]
[White "CarlosjPineror"]
[Black "DarZay"]
[Result "1/2-1/2"]
[WhiteElo "2472"]
[BlackElo "2238"]
[TimeControl "180+1"]
[EndTime "8:18:11 PDT"]
[Termination "Game drawn by stalemate"]

1. e4 c5 2. Nf3 Nc6 3. d4 cxd4 4. Nxd4 Nxd4 5. Qxd4 Nf6 6. e5 Ng8 7. Nc3 d6 8. exd6 exd6 9. Bf4 Be6 10. O-O-O Nf6 11. Bb5+ Nd7 12. Bxd6 Bxd6 13. Qxd6 Qg5+ 14. Kb1 O-O-O 15.
f4 Qf6 16. g3 Nb6 17. Qc5+ Kb8 18. a4 Rc8 19. Qd4 Qxd4 20. Rxd4 Rhd8 21. Rhd1 Rxd4 22. Rxd4 a6 23. Bd3 Kc7 24. Be4 f5 25. Bf3 Re8 26. b3 Rd8 27. Rxd8 Kxd8 28. Kc1 Kc7 29. Kd2 Nd7 30.
Ke3 b6 31. Kd4 Kd6 32. b4 a5 33. bxa5 bxa5 34. Be2 Nc5 35. Nb5+ Kc6 36. Nc3 Kd6 37.
Bb5 Bc8 38. Nd5 Ne6+ 39. Kc4 Bb7 40. Ne3 Be4 41. Kc3 Kc5 42. Nc4 Nd4 43. Nxa5 Nxb5+ 44. axb5 Kxb5 45. Nb3 Kc6 46. Nd2 Bg2 47. Kd4 g6 48. c4 Kd6 49. c5+ Ke6 50. Nc4 Bd5 51. Ne5 Be4 52. h4 Ke7 53. c6 Kd6 54. Nf7+ Kxc6 55. Ng5 Kd6 56. Nxe4+ fxe4 57. Kxe4 Ke6 58. g4 h6 59. g5 h5 60. f5+ gxf5+ 61. Kf4 Kf7 62. Kxf5 Kg7 63. g6 Kh6 64. Kf6 1/2-1/2

[Event "Early-Titled-Tuesday-Blitz-October-24-2023"]
[Site "Chess.com"]
[Date "2023.10.24"]
[Round "2"]
[White "Chessy222222"]
[Black "koncheto"]
[Result "1/2-1/2"]
[WhiteElo "2336"]
[BlackElo "2529"]
[TimeControl "180+1"]
[EndTime "8:18:12 PDT"]
[Termination "Game drawn by repetition"]

1. e4 e5 2. Nf3 Nf6 3. Nc3 Nc6 4.
d4 exd4 5. Nxd4 Bb4 6. Nxc6 bxc6 7. Bd3 d5 8. exd5 cxd5 9. O-O O-O 10. Bg5 c6 11. Qf3 Rb8 12. Bxf6 Qxf6 13. Qxf6 gxf6 14. Ne2 Bd6 15. b3 c5 16. c4 d4 17. Rfe1 Re8 18.
Ng3 Bb7 19. Nh5 Re5 20. Nxf6+ Kg7 21. Rxe5 Kxf6 22. Re2 Rg8 23. g3 Bf3 24. Ree1 h5 25.
Be4 Bg4 26. f3 Be6 27. Kf2 h4 28. Rg1 a5 29. gxh4 Rh8 30. Rg2 Rxh4 31. Rag1 Bf4 32. Ke2 Rh8 33. Kd3 a4 34. Rh1 axb3 35. axb3 Rb8 36.
Kc2 Bh3 37. Re2 Rb6 38. Ra1 Be6 39. Ra7 Rb8 40. Ra5 Bd6 41. Ra6 Rd8 42. Bd5 Bf5+ 43. Kd2 Kg7 44. Be4 Bf4+ 45. Kd3 Be6 46. Rg2+ Kf8 47.
h4 Rb8 48. Kc2 Ke7 49. Ra7+ Kd6 50. Rg1 Rh8 51. Rh1 Rh5 52. Ra6+ Ke7 53. Rc6 Bg3 54. Kd3 Kd7 55. Rb6 Ke7 56. Ra1 Rxh4 57. Ra7+ Kf8 58. Rbb7 Rh1 59. Bd5 Bxd5 60. cxd5 Rd1+ 61.
Kc4 Rc1+ 62. Kb5 d3 63. Rxf7+ Ke8 64. Rg7 Bd6 65. Rg8+ Bf8 66. Ra8+ Ke7 67. Rgxf8 d2 68. Rfe8+ Kd7 69. Rad8+ Kc7 70. Rc8+ Kd6 71. Rcd8+ Kc7 72. Rc8+ Kd7 73. Rcd8+ Kc7 1/2-1/2

[Event "Early-Titled-Tuesday-Blitz-October-24-2023"]
[Site "Chess.com"]
[Date "2023.10.24"]
[Round "2"]
[White "IlyaGrigorjev"]
[Black "KononenkoD"]
[Result "1-0"]
[WhiteElo "2936"]
[BlackElo "2590"]
[TimeControl "180+1"]
[EndTime "8:18:19 PDT"]
[Termination "IlyaGrigorjev won by resignation"]

1. e4 c6 2. d4 d5 3. e5 Bf5 4. Nf3 e6 5. Be2 Ne7 6. O-O c5 7. c4 Nbc6 8. dxc5 d4 9. Qa4 d3 10. Rd1 Ng6 11. Be3 Be7 12. Qb3 Ngxe5 13. Nxe5 Nxe5 14.
Bf4 Ng6 15. Bxd3 Nxf4 16. Bxf5 Qc7 17. Qb5+ Qc6 18. Qxc6+ bxc6 19. Be4 Rc8 20. g3 Ng6 21.
Nc3 Bxc5 22. Rd2 Ne5 23. b3 Ke7 24. Rad1 Bb4 25. Rc2 Rhd8 26. Rxd8 Rxd8 27. Kf1 c5 28. Ke2 h5 29. h3 g5 30. f4 gxf4 31. gxf4 Ng6 32.
Bxg6 Bxc3 33. Bxf7 Kxf7 34. Rxc3 Rd4 35. Ke3 Rd1 36.
Rd3 Rh1 37. Rd7+ Kf6 38. Rxa7 Rxh3+ 39. Ke4 Rh1 40. Rh7 Kg6 41. Rh8 Kg7 42. Rc8 Re1+ 43. Kf3 Ra1 44. Rxc5 Rxa2 45. Rxh5 Rc2 46. Rb5 Kf6 47.
Ke4 Re2+ 48. Kd3 Rf2 49. Ke3 Rf1 50. Rb6 Rc1 51. Kd4 Rf1 52. Ke4 Re1+ 53. Kd3 Rf1 54. Ke3 Re1+ 55. Kf2 Rc1 56. Rb5 Rc2+ 57. Ke3 Rc1 58.
c5 Rc3+ 59. Kd4 Rc1 60. b4 Kf5 61. c6+ Kxf4 62. Rc5 e5+ 63. Kd5 Rd1+ 64. Ke6 e4 65. c7 Rh1 66. c8=Q Rh6+ 67. Kd5 Rh5+ 68. Kc4 Rxc5+ 69.
Kxc5 1-0

[Event "Early-Titled-Tuesday-Blitz-October-24-2023"]
[Site "Chess.com"]
[Date "2023.10.24"]
[Round "2"]
[White "Kirill_Klukin"]
[Black "ViktoriyaTarasova"]
[Result "0-1"]
[WhiteElo "2653"]
[BlackElo "2384"]
[TimeControl "180+1"]
[EndTime "8:18:20 PDT"]
[Termination "ViktoriyaTarasova won by resignation"]

1. d4 Nf6 2. Nf3 e6 3. e3 b6 4. Bd3 Bb7 5. O-O d5 6. c4 Bd6 7. Nc3 O-O 8. b3 Nbd7 9. Bb2 Ne4 10. Qc2 f5 11. cxd5 exd5 12. Rac1 a6 13. Ne2 Ndf6 14.
Ne5 Ng4 15. h3 Ngf6 16. f3 g6 17. Nf4 Ng3 18. Ne6 Qe7 19. Nxf8 Nxf1 20. Nfxg6 hxg6 21. Rxf1 Kg7 22. g4 Rh8 23. gxf5 Rxh3 24. Rf2 Nh5 25.
Rh2 Qg5+ 26. Rg2 Qxe3+ 27. Qf2 Qxf2+ 28. Rxf2 gxf5 29. Bxf5 Rg3+ 30. Rg2 Rxg2+ 31. Kxg2 Kf6 32. Bg4 Nf4+ 33. Kf2 c5 34. Nd7+ Ke7 35. dxc5 bxc5 36. Bf6+ Kf7 37. Bg5 Nd3+ 38. Ke2 Nb4 39. a3 Nc2 40.
Bc1 Nd4+ 41. Kd3 Nxb3 42. Bg5 c4+ 43. Kc3 Bxa3 44. Ne5+ Ke8 45. Bd7+ Kf8 46. Bh6+ Kg8 47. Be6+ Kh7 48. Be3 Bc5 49. Bf5+ Kg7 50. Bg5 Bd4+ 51. Kb4 Bxe5 52. Be6 Bd6+ 53. Kc3 Kg6 54. f4 Bf8 55. Bd8 Bg7+ 56. Kb4 a5+ 57. Ka4 Nd4 58. Bd7 Bc6+ 59. Bxc6 Nxc6 60. Bc7 c3 61. Kb3 d4 62. Kc2 Kf5 63. Kd3 a4 64. Bb6 Bf6 65. Bc5 Kxf4 66.
Ba3 Kf5 67. Bc1 Ke6 68. Kc4 Ke5 69. Kc5 Ke4 70. Kxc6 d3 71. Kb5 d2 0-1

[Event "Early-Titled-Tuesday-Blitz-October-24-2023"]
[Site "Chess.com"]
[Date "2023.10.24"]
[Round "2"]
[White "YouJustFoundYourGodfather"]
[Black "CFN_Good_Evening"]
[Result "0-1"]
[WhiteElo "2617"]
[BlackElo "1754"]
[TimeControl "180+1"]
[EndTime "8:18:24 PDT"]
[Termination "CFN_Good_Evening won by checkmate"]

1. c4 e6 2. Nf3 d5 3. d4 c6 4. Qc2 Nf6 5. Bg5 Be7 6. e3 O-O 7. Bd3 h6 8. Bh4 dxc4 9. Bxc4 b5 10. Bd3 Bb7 11. O-O c5 12. dxc5 Bxf3 13. gxf3 Na6 14. Rd1 Nb4 15. Bh7+ Nxh7 16. Rxd8 Nxc2 17. Rxa8 Rxa8 18.
Bxe7 Nxa1 19. Nc3 b4 20. Nb5 Nf6 21. e4 Rc8 22. Bd6 Ne8 23. e5 Nc2 24. Nxa7 Nxd6 25.
cxd6 Rd8 26. Nc6 Rd7 27. Nb8 Rb7 28. Nc6 f6 29. f4 b3 30. a4 Nb4 31. Nd8 Rb8 32.
Nxe6 Kf7 33. Nc5 Nc6 34. e6+ Ke8 35. Kg2 Nd4 36. e7 Nf5 37. Na6 Rb7 38. Nc7+ Rxc7 39. dxc7 Nxe7 40. Kf3 Kd7 41. Ke3 Nc6 42. Kd3 Na5 43. Kc3 Kxc7 44. Kb4 Kb6 45. f5 h5 46. h4 Ka6 47. Kc5 Nb7+ 48. Kb4 Kb6 49. Kxb3 Nc5+ 50.
Kb4 Nd3+ 51. Kc3 Nxf2 52. b4 Ne4+ 53. Kd4 Ng3 54. Kd5 Nxf5 55. a5+ Kb5 56. Ke6 Nxh4 57.
Kd7 Nf5 58. Kc7 Nd4 59. Kb7 Nc6 60. a6 Nd8+ 61. Kc7 Kxa6 62. Kxd8 Kb5 63. Ke7 h4 64. Kf7 h3 65. Kxg7 h2 66. Kxf6 h1=Q 67. Ke5 Qf3 68. Kd6 Qe4 69. Kc7 Qe6 70. Kb7 Qe7+ 71.
Kb8 Kb6 72. Kc8 Qe8# 0-1